 Dungeon Crawl Stone Soup version 0.21-a0-582-g1b93aee (console) character file.

65800 Mandevil the Brawler (level 14, -18/109 (110) HPs)
             Began as a Grey Draconian Transmuter on Dec 19, 2017.
             Was the Champion of Okawaru.
             Demolished by a sun demon (22 damage)
             ... summoned by an orc sorcerer
             ... on level 2 of the Orcish Mines.
             The game lasted 01:57:33 (29790 turns).

Mandevil the Brawler (Grey Draconian Transmuter)   Turns: 29790, Time: 01:57:34

HP:   -18/109 (110) AC: 20    Str: 19    XL:     14   Next: 76%
MP:   15/20         EV: 15    Int: 14    God:    Okawaru [******]
Gold: 2013          SH:  0    Dex: 13    Spells: 5/22 levels left

rFire    . . .     SeeInvis .     - Unarmed
rCold    . . .     Gourm    +   (shield currently unavailable)
rNeg     . . .     Faith    .   (armour unavailable)
rPois    .         Spirit   .   H - +2 hat
rElec    .         Reflect  .   o - +2 cloak
rCorr    .         Harm     .   (gloves currently unavailable)
MR       +....                  b - +1 pair of boots
Stlth    +.........             F - amulet of the gourmand
HPRegen  0.28/turn              e - +3 ring of strength
MPRegen  0.17/turn              R - ring of wizardry

@: blade hands
A: walk through water, unfitting armour, unbreathing, cold-blooded, AC +13
a: End Transformation, Heroism, Finesse, Renounce Religion


You were on level 2 of the Orcish Mines.
You worshipped Okawaru.
Okawaru was exalted by your worship.
You were very full.
You had blades for hands.
You visited 4 branches of the dungeon, and saw 23 of its levels.

You collected 2013 gold pieces.

Inventory:

Missiles
 a - 515 arrows
 s - 549 stones
 t - 24 tomahawks
 B - 14 javelins (quivered)
 M - 21 poisoned needles
 T - 8 silver javelins
Armour
 b - a +1 pair of boots (worn)
 o - a +2 cloak (worn)
 y - a scarf of resistance
 H - a +2 hat (worn)
Jewellery
 e - a +3 ring of strength (left scythe-like blade)
 A - an uncursed ring of see invisible
 F - an amulet of the gourmand (around neck)
 J - an uncursed ring of resist corrosion
 R - a ring of wizardry (right scythe-like blade)
Wands
 h - a wand of acid (8)
 j - a wand of random effects (28)
 l - a wand of disintegration (8)
 m - a wand of digging (43)
 z - a wand of polymorph (44)
 C - a wand of scattershot (17)
 L - a wand of paralysis (15)
Scrolls
 i - 9 scrolls of remove curse
 p - a scroll of enchant armour
 q - a scroll of amnesia
 r - 8 scrolls of teleportation
 w - 6 scrolls of magic mapping
 I - 10 scrolls of identify
 K - 2 scrolls of fear
 N - 2 scrolls of blinking
 V - a scroll of fog
Potions
 d - a potion of berserk rage
 f - a potion of flight
 g - 2 potions of magic
 n - 5 potions of lignification
 u - a potion of haste
 v - 13 potions of curing
 x - a potion of invisibility
 D - 3 potions of cancellation
 E - 4 potions of brilliance
 G - a potion of might
Books
 O - a book of Minor Magic

   Spells                             Type                      Level
   a - Magic Dart                     Conjuration                  1
   b - Blink                          Translocation                2
   c - Call Imp                       Summoning                    2
   d - Slow                           Hexes                        2
   e - Conjure Flame                  Conjuration/Fire             3
   f - Mephitic Cloud                 Conjuration/Poison/Air       3
Miscellaneous
 k - a phial of floods
 Q - a phantom mirror
Comestibles
 c - 38 rations
 P - a chunk of flesh


   Skills:
 - Level 6.2 Fighting
 + Level 9.0 Throwing
 - Level 6.0 Dodging
 + Level 15.4 Unarmed Combat
 - Level 4.6 Spellcasting
 * Level 2.3 Translocations
 - Level 11.2 Transmutations
 - Level 3.9 Ice Magic
 - Level 9.1 Invocations
 + Level 8.0 Evocations


You had 5 spell levels left.
You knew the following spells:

 Your Spells              Type           Power        Failure   Level  Hunger
a - Beastly Appendage     Tmut           ####..       3%          1    None
b - Sticks to Snakes      Tmut           ####....     4%          2    ##.....
c - Spider Form           Tmut/Pois      ###.......   14%         3    ###....
d - Blade Hands           Tmut           ####......   13%         5    ######.
e - Blink                 Tloc           N/A          21%         2    ##.....
Y - Ice Form              Ice/Tmut       ###.....     17%         4    ####...


Dungeon Overview and Level Annotations

Branches:
Dungeon (14/15)            Temple (1/1) D:7            Lair (6/6) D:11
  Swamp (0/4) Lair:4        Snake (0/4) Lair:4        Slime (0/5) Lair:6
    Orc (2/2) D:12
    Elf: Orc:2       Vaults: D:13-14

Altars:
Ashenzari
Cheibriados
Dithmenos
Fedhas
Makhleb
Nemelex Xobeh
Okawaru
Qazlal
Trog

Shops:
D:7 [   D:11 *


Innate Abilities, Weirdness & Mutations

You can walk through water.
Your dull iron-grey scales are very hard. (AC +13)
You cannot fit into any form of body armour.
You can survive without breathing.
You are cold-blooded and may be slowed by cold attacks.


Message History

Your hands turn into razor-sharp scythe blades.
The orc sorcerer casts a spell.
The ice devil hits you. The ice devil freezes you!
Unknown command.
You hit the orc sorcerer but do no damage.
The orc sorcerer is severely wounded.
The ice devil hits you! The ice devil freezes you!!
* * * LOW HITPOINT WARNING * * *
The orc sorcerer closely misses you. The sun demon hits you!
* * * LOW HITPOINT WARNING * * *
You are engulfed in flames!
* * * LOW HITPOINT WARNING * * *
You hit the orc sorcerer but do no damage.
You tail-slap the orc sorcerer.
The orc sorcerer is almost dead.
You feel yourself speed up. The ice devil closely misses you.
The orc sorcerer gestures wildly while chanting.
The sun demon hits you!!
You die...

....................
....................P
....................8.
......................
.........[............
....................P..
...#................P..
.$.........))[..........
#.........#.d)........Po
...........34o..........
............4.(..#......
.........)......(.......
......#.........(.......
...#..................
...#..#.........(..##.
...............((.#
....................#


You could see a sun demon, an ice devil, a rust devil and an orc sorcerer.

Vanquished Creatures
  Gastronok (D:8)
  An ettin (Orc:1)
  Erolcha (D:9)
  Harold (D:11)
  8 hydras
  7 two-headed ogres
  An ogre mage (Orc:1)
  9 death yaks
  The ghost of Thaneod the Destroyer, a journeyman DEAE of Vehumet (D:11)
  An orc high priest (Orc:1)
  Pikel (D:6)
  An ugly thing (D:10)
  An orc sorcerer (Orc:1)
  8 elephants (Lair:3)
  2 manticores
  4 cyclopes
  3 black mambas
  11 spiny frogs
  5 rime drakes
  4 komodo dragons
  8 trolls
  A harpy skeleton (D:13)
  4 polar bears (Lair:6)
  5 hornets (Lair:6)
  Prince Ribbit (D:6)
  8 blink frogs
  8 hippogriffs
  8 dream sheep
  Sigmund (D:2)
  12 spriggans
  A shadow (D:11)
  A wraith (D:13)
  A wyvern (Lair:5)
  19 yaks
  2 hungry ghosts
  A steam dragon (Lair:3)
  3 vampire mosquitoes (Lair:4)
  4 basilisks
  The ghost of sithsevirus the Shield-Bearer, an amateur OpFi (D:4)
  2 acid dragons (D:11)
  3 wargs (Orc:1)
  7 nagas (Lair:4)
  Duvessa (D:7)
  12 water moccasins
  9 porcupines
  17 orc warriors
  6 ice beasts
  2 slaves (D:6)
  6 black bears
  A phantom (D:7)
  A necrophage (D:11)
  19 ogres
  4 boggarts (Lair:6)
  25 wolves
  10 centaurs
  9 crocodiles
  14 bullfrogs
  2 big kobolds (D:4)
  A wyvern zombie (D:10)
  Dowan (D:7)
  3 scorpions
  A wyvern skeleton (D:12)
  9 wights
  2 electric eels
  10 howler monkeys
  5 crimson imps
  A bullfrog zombie (D:7)
  A quasit (D:12)
  2 centaur skeletons
  7 hounds
  3 bullfrog skeletons
  4 jellies
  7 orc priests
  13 orc wizards
  Natasha (thrice) (D:3)
  4 iguanas
  4 worker ants
  A hound skeleton (D:11)
  Robin (D:2)
  A howler monkey skeleton (D:7)
  7 adders
  4 gnolls (D:7)
  2 shadow imps
  An adder zombie (D:7)
  3 oozes
  2 adder skeletons
  3 worms
  A dart slug (D:1)
  7 leopard geckos
  51 orcs
  5 giant cockroaches
  14 goblins
  8 hobgoblins
  2 jackals (D:4)
  13 kobolds
  3 quokkas
  2 ball pythons
  3 bats
  11 frilled lizards
  A leopard gecko zombie (D:3)
  A quokka skeleton (D:8)
  14 rats
552 creatures vanquished.

Vanquished Creatures (collateral kills)
  A spriggan (Lair:6)
  An orc priest (D:8)
  3 orcs (D:8)
5 creatures vanquished.

Vanquished Creatures (others)
  Erica (D:9)
  A phantom (D:6)
  14 fungi
  11 plants
27 creatures vanquished.

Grand Total: 584 creatures vanquished

Notes
Turn   | Place    | Note
-------+----------+-------------------------------------------
     0 | D:1      | Mandevil the Draconian Transmuter began the quest for the Orb.
     0 | D:1      | Reached XP level 1. HP: 16/16 MP: 3/3
   292 | D:1      | Reached XP level 2. HP: 19/23 MP: 3/5
   650 | D:2      | Learned a level 2 spell: Sticks to Snakes
   716 | D:2      | Reached XP level 3. HP: 17/29 MP: 4/6
  1114 | D:2      | Reached XP level 4. HP: 19/36 MP: 3/7
  1428 | D:2      | Noticed Robin
  1445 | D:2      | Killed Robin
  1714 | D:2      | Noticed Sigmund
  1825 | D:3      | Learned a level 3 spell: Spider Form
  1965 | D:3      | Reached skill level 4 in Unarmed Combat
  2054 | D:3      | Noticed Natasha
  2066 | D:3      | Killed Natasha
  2066 | D:3      | Reached XP level 5. HP: 37/42 MP: 6/9
  2202 | D:3      | Noticed Natasha
  2210 | D:3      | Killed Natasha
  2428 | D:3      | Noticed Natasha
  2441 | D:3      | Killed Natasha
  2889 | D:4      | Reached XP level 6. HP: 25/50 MP: 7/10
  3097 | D:4      | Reached skill level 5 in Unarmed Combat
  3361 | D:4      | Noticed sithsevirus's ghost (amateur OpFi)
  3376 | D:4      | Killed sithsevirus's ghost
  3376 | D:4      | Your scales start taking on a dull iron-grey colour.
  3376 | D:4      | Reached XP level 7. HP: 32/57 MP: 2/12
  3376 | D:4      | Gained mutation: You can survive without breathing. [Grey Draconian growth]
  3918 | D:5      | Entered Level 5 of the Dungeon
  3995 | D:5      | Found a stormy altar of Qazlal.
  3998 | D:5      | Noticed a fire elemental
  3998 | D:5      | Noticed a water elemental
  3998 | D:5      | Noticed an air elemental
  4300 | D:2      | Killed Sigmund
  4982 | D:5      | Learned a level 4 spell: Ice Form
  5040 | D:6      | Noticed Prince Ribbit
  5053 | D:6      | Killed Prince Ribbit
  5053 | D:6      | Reached skill level 6 in Unarmed Combat
  5053 | D:6      | Reached XP level 8. HP: 16/66 MP: 10/13
  5578 | D:6      | Noticed Pikel
  5609 | D:6      | Killed Pikel
  5609 | D:6      | Reached skill level 7 in Unarmed Combat
  5633 | D:6      | Noticed Grinder
  5655 | D:6      | Paralysed by Grinder for 6 turns
  5662 | D:6      | Noticed Grinder
  5662 | D:6      | Grinder changed into Grinder the crimson imp
  5667 | D:6      | Reached skill level 5 in Fighting
  5670 | D:6      | Killed Grinder the crimson imp
  6273 | D:7      | Reached skill level 5 in Transmutations
  6273 | D:7      | Reached XP level 9. HP: 64/74 MP: 11/15
  6325 | D:7      | Reached skill level 1 in Ice Magic
  6383 | D:7      | Noticed Duvessa
  6384 | D:7      | Noticed Dowan
  6391 | D:7      | Found a snail-covered altar of Cheibriados.
  6391 | D:7      | Found a blossoming altar of Fedhas.
  6552 | D:7      | Found Mone Iss's Armour Boutique.
  6603 | D:7      | Reached skill level 8 in Unarmed Combat
  6666 | D:7      | Reached skill level 5 in Dodging
  7251 | D:7      | Killed Duvessa
  7278 | D:7      | Killed Dowan
  7425 | D:7      | Found a staircase to the Ecumenical Temple.
  7494 | Temple   | Entered the Ecumenical Temple
  7533 | Temple   | Became a worshipper of Warmaster Okawaru
  8203 | D:8      | Reached * piety under Okawaru
  8336 | D:8      | Reached skill level 9 in Unarmed Combat
  8346 | D:8      | Found a burning altar of Makhleb.
  8349 | D:8      | Noticed Gastronok
  8380 | D:8      | Killed Gastronok
  8380 | D:8      | Reached ** piety under Okawaru
  8380 | D:8      | Reached *** piety under Okawaru
  8380 | D:8      | Reached XP level 10. HP: 43/83 MP: 14/16
  8548 | D:8      | Found a sparkling altar of Nemelex Xobeh.
  8727 | D:9      | Noticed a two-headed ogre
  9016 | D:9      | Noticed Erolcha
  9018 | D:9      | Paralysed by Erolcha for 4 turns
  9353 | D:9      | Reached skill level 10 in Unarmed Combat
  9635 | D:10     | Entered Level 10 of the Dungeon
  9651 | D:9      | Noticed Erica
  9677 | D:9      | Killed Erica
 10102 | D:9      | Killed a two-headed ogre
 10102 | D:9      | Reached **** piety under Okawaru
 10165 | D:9      | Killed Erolcha
 10165 | D:9      | Reached XP level 11. HP: 72/89 MP: 11/17
 10428 | D:10     | Reached skill level 5 in Invocations
 10600 | D:10     | Paralysed by fainting for 12 turns
 10632 | D:10     | Reached skill level 11 in Unarmed Combat
 10785 | D:10     | Noticed a brown ugly thing
 11227 | D:10     | Reached ***** piety under Okawaru
 11338 | D:10     | Killed a brown ugly thing
 12709 | D:11     | Received a gift from Okawaru
 12748 | D:11     | Found a staircase to the Lair.
 12772 | D:11     | Reached skill level 12 in Unarmed Combat
 12981 | D:11     | Noticed Harold
 13004 | D:11     | Killed Harold
 13335 | D:11     | Learned a level 5 spell: Blade Hands
 13339 | D:11     | Found Toppolei's Assorted Antiques.
 13399 | D:11     | Noticed Thaneod's ghost (journeyman DEAE)
 13419 | D:11     | Killed Thaneod's ghost
 13699 | Lair:1   | Entered Level 1 of the Lair of Beasts
 13779 | Lair:1   | Noticed a four-headed hydra
 13786 | Lair:1   | Killed a four-headed hydra
 13786 | Lair:1   | Received a gift from Okawaru
 13786 | Lair:1   | Reached XP level 12. HP: 95/95 MP: 13/18
 13804 | Lair:1   | Noticed an eight-headed hydra
 13812 | Lair:1   | Killed an eight-headed hydra
 13942 | Lair:1   | Reached skill level 1 in Throwing
 15384 | Lair:2   | Reached skill level 13 in Unarmed Combat
 15962 | Lair:3   | Received a gift from Okawaru
 15971 | Lair:3   | Got a brightly glowing cloak {god gift}
 16031 | Lair:3   | Identified the +2 cloak "Leh Keor" {+Blink Dex-5 SInv} (Okawaru gifted it to you on level 3 of the Lair of Beasts)
 16301 | Lair:3   | Reached skill level 10 in Transmutations
 16599 | Lair:3   | HP: 3/114 [crocodile (11)]
 17213 | Lair:3   | Noticed a death yak
 17213 | Lair:3   | Noticed a death yak
 17213 | Lair:3   | Noticed a death yak
 17214 | Lair:3   | Noticed a death yak
 17257 | Lair:2   | Killed a death yak
 17306 | Lair:2   | Killed a death yak
 17562 | Lair:1   | Killed a death yak
 17692 | Lair:2   | Killed a death yak
 17692 | Lair:2   | Reached XP level 13. HP: 101/101 MP: 14/19
 18951 | Lair:4   | Reached skill level 5 in Throwing
 19010 | Lair:4   | Found a staircase to the Swamp.
 19230 | Lair:4   | Reached skill level 1 in Evocations
 19493 | Lair:4   | Received a gift from Okawaru
 19505 | Lair:4   | Found a staircase to the Snake Pit.
 19977 | Lair:5   | Received a gift from Okawaru
 20955 | Lair:5   | Reached skill level 14 in Unarmed Combat
 20957 | Lair:5   | Received a gift from Okawaru
 21039 | Lair:5   | Reached ****** piety under Okawaru
 21713 | Lair:6   | Entered Level 6 of the Lair of Beasts
 23279 | Lair:6   | Found a staircase to the Slime Pits.
 23359 | Lair:6   | Reached skill level 5 in Evocations
 23613 | Lair:6   | Received a gift from Okawaru
 24394 | Lair:6   | Reached XP level 14. HP: 98/109 MP: 15/20
 26101 | D:12     | Found a staircase to the Orcish Mines.
 26232 | D:12     | Received a gift from Okawaru
 26986 | D:12     | You fall through a shaft for 2 floors!
 27409 | Orc:1    | Entered Level 1 of the Orcish Mines
 27463 | Orc:1    | Reached skill level 15 in Unarmed Combat
 28356 | Orc:1    | Received a gift from Okawaru
 28708 | Orc:1    | Learned a level 2 spell: Blink
 28861 | Orc:1    | Found a bloodstained altar of Trog.
 29004 | Orc:1    | Reached skill level 1 in Translocations
 29257 | Orc:2    | Entered Level 2 of the Orcish Mines
 29782 | Orc:2    | Paralysed by an orc sorcerer for 6 turns
 29789 | Orc:2    | HP: 4/109 [sun demon[an orc sorcerer] (13)]
 29790 | Orc:2    | Demolished by a sun demon

Vault maps used:
D:1:      lightli_arrival_quake, minmay_misc_feat_encased
D:2:      uniq_sigmund, uniq_robin
D:3:      minivault_26, uniq_natasha
D:4:      cheibrodos_thug_alley
D:5:      first_ration, nicolae_qazlal_style_of_elements
D:6:      uniq_pikel, uniq_prince_ribbit1, uniq_grinder
D:7:      gammafunk_temple_overflow_elements, minmay_temple_entry_nine_rooms,
          serial_shops, kennysheep_mini, the_bakery, uniq_duvessa
D:8:      bloody_makhleb, nicolae_overflow_crystal_walls, serial_curves,
          eino_curves_04, eino_curves_02, st_stairs_12, uniq_gastronok
D:9:      uniq_erolcha, uniq_erica
D:11:     minmay_lair_entry_grove, serial_shops,
          nicolae_shop_overgrown_old_shop, uniq_harold
D:12:     orc_0_dummy
D:13:     kennysheep_windowed_goal
D:14:     lightli_vaults_fourway_checkpoint, nicolae_tso_swordbearing_angel,
          einodemon_armed_red_devil_minivault
Temple:   dpeg_five_rooms_temple
Lair:1:   nicolae_quartered_pool_medium
Lair:4:   minmay_swamp_entry_swarm, minmay_snake_entry_guardpost_medium
Lair:5:   beast_lair_carwin_7, grunt_megastairs_4, lemuel_fruit_tree
Lair:6:   minmay_lair_end_enchanted_forest, slime_dummy, grunt_megastairs_2,
          infiniplex_staircase_pool
Orc:1:    lemuel_ogre_cave, lemuel_statue_altar
Orc:2:    grunt_orc_gardens, grunt_orc_garden, grunt_orc_garden,
          grunt_orc_garden, grunt_orc_garden

Skill      XL: |  1  2  3  4  5  6  7  8  9 10 11 12 13 14 |
---------------+-------------------------------------------+-----
Dodging        | 2 3 4 5 6 |  6.0
Fighting       | 2 3 4 5 6 |  6.2
Unarmed Combat | 4 5 6 7 9 10 12 13 14 15 | 15.4
Transmutations | 3 4 5 6 7 9 10 11 | 11.2
Spellcasting   | 3 4 |  4.6
Ice Magic      | 3 |  3.9
Invocations    | 2 4 7 9 |  9.1
Throwing       | 4 7 9 |  9.0
Evocations     | 5 8 |  8.0
Translocations | 2 |  2.3

Action                   |  1- 3 |  4- 6 |  7- 9 | 10-12 | 13-15 || total
-------------------------+-------+-------+-------+-------+-------++-------
Melee: Unarmed           |    92 |   211 |   298 |   543 |   692 ||  1836
       Kick              |    10 |    13 |    10 |       |     9 ||    42
       Tailslap          |    13 |    15 |    20 |    22 |    64 ||   134
       Punch             |     2 |     1 |     5 |     3 |    34 ||    45
       Headbutt          |       |    10 |    14 |     9 |    12 ||    45
Throw: Stone             |     8 |    13 |    14 |    17 |   163 ||   215
       Tomahawk          |       |       |     6 |     7 |    55 ||    68
       Javelin           |       |       |       |       |    16 ||    16
 Cast: Beastly Appendage |    11 |    15 |    15 |    10 |    20 ||    71
       Sticks to Snakes  |     2 |     4 |     8 |       |     2 ||    16
       Spider Form       |       |     4 |    16 |    15 |     2 ||    37
       Ice Form          |       |       |     2 |    40 |    23 ||    65
       Blade Hands       |       |       |       |       |    35 ||    35
Invok: Heroism           |       |       |       |     7 |     3 ||    10
       Finesse           |       |       |       |       |     1 ||     1
 Abil: Evoke Berserk Rag |       |     2 |       |       |       ||     2
       End Transformatio |       |       |       |       |     5 ||     5
Evoke: Wand              |       |       |     2 |     1 |     3 ||     6
  Use: Potion            |     1 |       |       |     2 |       ||     3
       Scroll            |       |     5 |     8 |    17 |     6 ||    36
 Stab: Sleeping          |       |     3 |     4 |     1 |       ||     8
       Distracted        |       |       |     1 |     1 |       ||     2
  Eat: Chunk             |     1 |     8 |    10 |    46 |    52 ||   117
       Ration            |       |       |     3 |     3 |     1 ||     7
Armor: Skin              |    26 |    47 |    45 |    91 |   176 ||   385
Dodge: Dodged            |    60 |   126 |   205 |   344 |   363 ||  1098

Table legend:
 A = Spawn XP
 B = Non-spawn XP
 C = Spawn XP percentage of total XP
 D = Spawn monster count
 E = Non-spawn monster count
 F = Spawn count percentage of total count
 G = Total turns spent on level
                    A         B        C        D         E        F      G
               +---------+---------+-------+---------+---------+-------+---------
         Total |       0 |   94000 |   0.0 |       0 |     556 |   0.0 | 29790
               +---------+---------+-------+---------+---------+-------+---------
           D:1 |       0 |      25 |   0.0 |       0 |      16 |   0.0 |   611
           D:2 |       0 |     338 |   0.0 |       0 |      35 |   0.0 |  1529
           D:3 |       0 |     166 |   0.0 |       0 |      26 |   0.0 |   826
           D:4 |       0 |     524 |   0.0 |       0 |      28 |   0.0 |  1399
           D:5 |       0 |     104 |   0.0 |       0 |       5 |   0.0 |   810
           D:6 |       0 |    1560 |   0.0 |       0 |      12 |   0.0 |  1376
           D:7 |       0 |    1508 |   0.0 |       0 |      25 |   0.0 |  1271
           D:8 |       0 |    3412 |   0.0 |       0 |      33 |   0.0 |  1487
           D:9 |       0 |    4153 |   0.0 |       0 |      25 |   0.0 |  1268
          D:10 |       0 |    2257 |   0.0 |       0 |      18 |   0.0 |  1307
          D:11 |       0 |    7652 |   0.0 |       0 |      45 |   0.0 |  2117
          D:12 |       0 |    4038 |   0.0 |       0 |      25 |   0.0 |  1038
          D:13 |       0 |    1206 |   0.0 |       0 |       6 |   0.0 |   348
        Lair:1 |       0 |    4360 |   0.0 |       0 |      12 |   0.0 |  1304
        Lair:2 |       0 |    5389 |   0.0 |       0 |      17 |   0.0 |  1552
        Lair:3 |       0 |    8057 |   0.0 |       0 |      28 |   0.0 |  1581
        Lair:4 |       0 |    3832 |   0.0 |       0 |      22 |   0.0 |  1788
        Lair:5 |       0 |    9960 |   0.0 |       0 |      31 |   0.0 |  2699
        Lair:6 |       0 |   19112 |   0.0 |       0 |      66 |   0.0 |  3009
         Orc:1 |       0 |   15877 |   0.0 |       0 |      71 |   0.0 |  2271
         Orc:2 |       0 |     470 |   0.0 |       0 |      10 |   0.0 |   110
               +---------+---------+-------+---------+---------+-------+---------
